 Dungeon Crawl Stone Soup version 0.19-a0-1107-gc676ff4 (webtiles) character file.

206550 HaroldButt the Warrior (level 19, -3/141 HPs)
             Began as a Formicid Gladiator on Aug 8, 2016.
             Was the Champion of Okawaru.
             Slain by a shock serpent (11 damage)
             ... on level 4 of the Snake Pit on Aug 9, 2016.
             The game lasted 02:22:06 (36901 turns).

HaroldButt the Warrior (Formicid Gladiator)        Turns: 36901, Time: 02:22:08

Health: -3/141     AC: 34    Str: 32    XL:     19   Next: 43%
Magic:  31/31      EV: 15    Int:  8    God:    Okawaru [******]
Gold:   1518       SH: 15    Dex: 14    Spells: 0 memorised, 18 levels left

rFire  + . .     SeeInvis +     a - +7 lajatang (slice)
rCold  + + .     Gourm    .     Y - +10 plate armour "Vokk" {Str+4}
rNeg   . . .     Faith    .     U - +2 shield of Resistance {rF+ rC+ MR+}
rPois  .         Spirit   .     (helmet unavailable)
rElec  .         Dismiss  .     J - +0 cloak {rC+}
rCorr  +         Reflect  .     m - +0 pair of gloves {Str+3}
SustAt .         Harm     .     n - +2 pair of boots
MR     +++..                    (no amulet)
Stlth  ..........               Q - ring of resist corrosion
                                k - ring of protection from magic

@:
A: permanent stasis, dig shafts and tunnels, four strong arms, antennae 3,
iridescent scales 1, frail 1
a: Dig, Shaft Self, Heroism, Finesse, Renounce Religion
}: 1/15 runes: decaying


You were on level 4 of the Snake Pit.
You worshipped Okawaru.
Okawaru was exalted by your worship.
You were not hungry.

You visited 6 branches of the dungeon, and saw 32 of its levels.
You also visited: Bailey and Ice Cave.

You collected 3490 gold pieces.
You spent 1972 gold pieces at shops.

Inventory:

Hand Weapons
 a - a +7 lajatang of slicing (weapon)
 b - a +4 quarterstaff of crushing
Missiles
 c - 5 throwing nets (quivered)
Armour
 m - a +0 pair of gloves of strength (worn)
 n - a +2 pair of boots (worn)
 s - a +0 cloak of poison resistance
 z - a +2 cloak
 J - a +0 cloak of cold resistance (worn)
 N - a +2 pair of gloves
 U - the +2 shield of Resistance (worn) {rF+ rC+ MR+}
   (Okawaru gifted it to you on level 5 of the Lair of Beasts)

   It protects you from fire.
   It protects you from cold.
   It affects your resistance to hostile enchantments.
 W - a +0 cloak of invisibility
 Y - the +10 plate armour "Vokk" (worn) {Str+4}
   (You bought it in a shop on level 13 of the Dungeon)

   It affects your strength (+4).
Rods
 R - a +1 rod of shadows (12/12)
   (You bought it in a shop on level 1 of the Orcish Mines)
Jewellery
 k - a ring of protection from magic (left hand)
 w - an uncursed ring of positive energy
 y - an uncursed ring of protection from fire
 H - an uncursed ring of flight
 Q - a ring of resist corrosion (right hand)
Wands
 j - a wand of acid (10/15)
 q - a wand of iceblast (5/15)
 C - a wand of acid (5/15)
 G - a wand of teleportation (4/9)
 I - a wand of paralysis (8/24)
 L - a wand of iceblast (7/15)
 T - a wand of iceblast (8/15)
 X - a wand of iceblast (7/15)
Scrolls
 e - 13 scrolls of remove curse
 h - 10 scrolls of identify
 r - 6 scrolls of amnesia
 A - a scroll of fog
 E - a scroll of magic mapping
 S - 2 scrolls of immolation
 Z - a scroll of holy word
Potions
 g - 9 potions of curing
 i - a potion of might
 l - a potion of resistance
 o - a potion of magic
 t - 2 potions of flight
 u - 4 potions of agility
 B - 4 potions of brilliance
 F - 6 potions of ambrosia
 M - 4 potions of cancellation
 V - 2 potions of invisibility
Miscellaneous
 p - a fan of gales
 v - a phantom mirror
 K - a disc of storms
 P - a lamp of fire
Comestibles
 d - 27 bread rations
 f - 8 meat rations
 x - 4 royal jellies
 D - 3 beef jerkies


   Skills:
 - Level 16.2 Fighting
 + Level 15.7 Staves
 - Level 2.0 Throwing
 - Level 12.0 Armour
 - Level 12.0 Dodging
 - Level 9.0 Shields
 - Level 11.0 Invocations
 - Level 16.0 Evocations


You had 18 spell levels left.
You didn't know any spells.

Dungeon Overview and Level Annotations

Branches:
Dungeon (15/15)            Temple (1/1) D:6            Lair (6/6) D:9
  Swamp (4/4) Lair:3        Snake (4/4) Lair:3        Slime (0/5) Lair:6
    Orc (2/2) D:10            Elf (0/3) Orc:2        Vaults (0/5) D:13
 Depths (0/5) D:15

Altars:
Ashenzari
Cheibriados
Dithmenos
Fedhas
Gozag
Hepliaklqana
Kikubaaqudgha
Makhleb
Okawaru
Pakellas
Qazlal
Ru
Sif Muna
Trog
Vehumet
Xom
Yredelemnul
Zin
The Shining One
Jiyva

Shops:
D:4 [   D:5 :   D:13 [   Orc:1 }   Orc:2 [[(}   Snake:2 =   Snake:3 %

Portals:
Trove: D:12 (give 7 potions of agility)

Annotations:
Snake:4 Roxanne


Innate Abilities, Weirdness & Mutations

You are under a permanent stasis effect.
You can dig through walls and to a lower floor.
Your four strong arms can wield two-handed weapons with a shield.
You have a pair of large antennae on your head. (SInv)
You are partially covered in iridescent scales. (AC +2)
You are frail. (-10% HP)


Message History

You block the shock serpent's attack.
The shock serpent bites you but does no damage.
You hit the shock serpent.
The shock serpent is severely wounded.
The shock serpent's electric aura discharges, shocking you!
* * * LOW HITPOINT WARNING * * *
You block the shock serpent's attack.
You slash the shock serpent!
The shock serpent is almost dead.
The shock serpent's electric aura discharges, shocking you!
* * * LOW HITPOINT WARNING * * *
You feel sick.
You are no longer poisoned.
The shock serpent shoots out a bolt of lightning at you!
The bolt of electricity hits you!
* * * LOW HITPOINT WARNING * * *
You feel better. The shock serpent bites you!
* * * LOW HITPOINT WARNING * * *
The shock serpent shocks you!
You die...

.........................).......
########....###..................
##############..................
##....#######....................
#......#.........(...............
#......'..................####...
#......#..............#####**,...
##....#####...........# ****,,,,,
#######*###.....@S....###,,,,,,,,
########.................,,,,,,,,
........,................,,,,,,,,
......######.........####,,,,,,,,
......).^...........##**,,,,,,,,,
................#####,,,,,,,,,,,,
...........###..#...###,,,,,,*,,,
............###))..$..#*,,,**,,,,
.#....#......####......#*,**,,,,,


You could see a shock serpent.

Vanquished Creatures
  Bai Suzhen (Swamp:4)
  2 Ice Fiends (IceCv)
  Frances (Snake:2)
  Gastronok (D:8)
  2 thorn hunters (Swamp:4)
  Kirke (Swamp:4)
  Donald (Swamp:4)
  2 orc warlords
  Aizul (Snake:1)
  Louise (Swamp:2)
  The ghost of poirepourri the Severer, a journeyman MiFi of Qazlal (Swamp:2)
  2 stone giants
  A dire elephant (Lair:6)
  An ettin (Orc:1)
  Josephine (Orc:1)
  22 hydras
  5 naga warriors
  8 vault guards (D:13)
  2 ghost crabs
  Harold (Orc:1)
  A catoblepas (Lair:6)
  2 centaur warriors
  12 alligators
  Erica (D:8)
  6 anacondas
  A deep troll shaman (Lair:6)
  10 death yaks
  3 orc high priests
  2 shock serpents
  The ghost of Xoff the Fighter, a novice MiFi of Okawaru (D:8)
  6 naga sharpshooters
  2 salamander mystics (Snake:3)
  3 spriggan druids (Swamp:4)
  5 unseen horrors
  3 wizards
  12 swamp dragons
  4 shambling mangroves
  3 naga ritualists
  A necromancer (D:15)
  4 hill giants
  7 orc knights
  A wolf spider zombie (D:15)
  An orb spider (shapeshifter) (D:13)
  2 deep elf magi
  6 orc sorcerers
  Pikel (D:8)
  A hornet (shapeshifter) (D:15)
  4 mana vipers
  23 ugly things
  9 salamanders
  A griffon (D:15)
  3 cyclopes
  A manticore (D:12)
  3 ice statues
  19 elephants
  13 naga magi
  6 centaur zombies
  30 black mambas
  2 guardian serpents (Snake:2)
  A torpor snail (Lair:3)
  18 spiny frogs
  3 gargoyles
  5 komodo dragons
  3 rime drakes
  A freezing wraith (D:15)
  13 ice devils (IceCv)
  3 meliai (D:13)
  A harpy zombie (D:15)
  Grinder (D:3)
  The ghost of 4thArraOfDagon the Chopper, an amateur DDGl (Bailey)
  A polar bear (Lair:6)
  8 trolls
  6 giant leeches
  5 two-headed ogres
  19 slime creatures
  9 bog bodies
  4 blink frogs (Lair:2)
  A redback (Lair:2)
  31 yaks
  3 spriggans
  4 hogs (Swamp:4)
  4 wraiths
  A hill giant zombie (D:10)
  Grum (D:8)
  A basilisk (D:13)
  2 hungry ghosts
  6 hippogriffs
  3 vampire mosquitoes (Swamp:1)
  21 swamp worms
  5 wargs
  10 insubstantial wisps
  A mottled dragon (D:12)
  Duvessa (D:4)
  26 nagas
  12 water moccasins
  A soldier ant (D:10)
  49 orc warriors
  7 swamp drakes
  9 porcupines
  A meliai simulacrum (D:15)
  3 sky beasts
  5 ice beasts
  5 phantoms
  6 wasps
  5 black bears
  2 eyes of draining (D:9)
  12 ogres
  18 centaurs
  9 crocodiles
  14 wolves
  10 giant frogs
  Dowan (D:4)
  3 wyvern skeletons
  4 scorpions
  A troll zombie (D:10)
  15 killer bees
  7 electric eels
  A howler monkey (shapeshifter) (D:8)
  A howler monkey (D:13)
  10 crimson imps
  9 hounds
  5 jellies
  Crazy Yiuf (D:7)
  20 orc priests
  24 orc wizards
  6 centaur skeletons
  3 giant frog skeletons
  A gnoll shaman (D:8)
  11 iguanas
  Terence (D:3)
  16 hell rats
  9 worker ants
  A killer bee zombie (D:5)
  6 ogre zombies (D:10)
  13 sheep
  A hound zombie (D:7)
  2 worker ant zombies
  19 gnolls
  A howler monkey skeleton (D:11)
  9 adders
  78 river rats
  4 shadow imps
  4 white imps (IceCv)
  5 ufetubi (IceCv)
  3 oozes
  An adder skeleton (D:8)
  A worm (D:4)
  3 dart slugs
  5 giant geckos
  91 orcs
  3 giant cockroaches
  16 goblins
  26 hobgoblins
  10 jackals
  4 quokkas
  A ball python (D:7)
  5 bats
  A giant gecko skeleton (D:5)
  5 giant newts
  A goblin skeleton (D:10)
  3 goblin zombies (D:10)
  3 hobgoblin zombies (D:10)
  A jackal zombie (D:6)
  2 kobolds
  4 orc skeletons (D:10)
  14 orc zombies (D:10)
  A quokka skeleton (D:4)
  15 rats
  A spectral orc (D:7)
  2 briar patches (Swamp:4)
1177 creatures vanquished.

Vanquished Creatures (collateral kills)
  An orc high priest (Orc:2)
1 creature vanquished.

Vanquished Creatures (others)
  A death yak (Lair:6)
  A human (Swamp:4)
  An insubstantial wisp (Swamp:4)
  A sky beast (D:8)
  A black bear (Lair:2)
  An orc wizard (Orc:2)
  3 white imps (IceCv)
  6 ufetubi (IceCv)
  3 briar patches (Swamp:4)
  7 fungi
  3 plants
28 creatures vanquished.

Grand Total: 1206 creatures vanquished

Notes
Turn   | Place    | Note
-------+----------+-------------------------------------------
     0 | D:1      | HaroldButt the Formicid Gladiator began the quest for the Orb.
     0 | D:1      | Reached XP level 1. HP: 16/16 MP: 1/1
   238 | D:1      | Reached XP level 2. HP: 22/22 MP: 2/2
   576 | D:1      | You fall through a shaft!
   599 | D:2      | Reached XP level 3. HP: 19/27 MP: 3/3
  1277 | D:3      | Noticed Terence
  1291 | D:3      | Killed Terence
  1291 | D:3      | Reached XP level 4. HP: 33/33 MP: 4/4
  1588 | D:3      | Reached skill level 5 in Staves
  1667 | D:3      | Reached XP level 5. HP: 31/38 MP: 5/5
  1704 | D:3      | Noticed Grinder
  1753 | D:4      | Found Ohuicucs's Antique Armour Emporium.
  1762 | D:4      | Bought a pair of runed boots for 130 gold pieces
  1789 | D:4      | Noticed Dowan
  1791 | D:4      | Noticed Duvessa
  1825 | D:4      | Killed Duvessa
  1825 | D:4      | Reached XP level 6. HP: 31/44 MP: 6/6
  1843 | D:4      | Killed Dowan
  2001 | D:3      | Killed Grinder
  2001 | D:3      | Reached XP level 7. HP: 24/50 MP: 7/7
  3268 | D:5      | Entered Level 5 of the Dungeon
  3319 | D:5      | Reached XP level 8. HP: 55/56 MP: 8/8
  3506 | D:5      | Found Roedocog's Book Shop.
  3778 | D:5      | Reached skill level 5 in Armour
  3796 | D:5      | Found a shimmering altar of Xom.
  3890 | D:5      | Gained mutation: You are somewhat resistant to further mutation. [potion of mutation]
  3890 | D:5      | Gained mutation: You are partially covered in iridescent scales. (AC +2) [potion of mutation]
  4376 | D:6      | Paralysed by fainting for 7 turns
  4392 | D:6      | Paralysed by fainting for 5 turns
  4599 | D:6      | Reached XP level 9. HP: 47/61 MP: 9/9
  4734 | D:6      | Found a staircase to the Ecumenical Temple.
  4743 | Temple   | Entered the Ecumenical Temple
  4754 | Temple   | Became a worshipper of Warmaster Okawaru
  5197 | D:6      | Reached skill level 5 in Dodging
  5660 | D:7      | Found a basalt altar of Yredelemnul.
  5695 | D:7      | Gained mutation: Your flesh is cold resistant. (rC+) [mutagenic meat]
  6055 | D:7      | Reached * piety under Okawaru
  6325 | D:7      | Found a runed door.
  6329 | D:7      | Noticed Crazy Yiuf
  6338 | D:7      | Killed Crazy Yiuf
  6542 | D:8      | Noticed Erica
  6556 | D:8      | Killed Erica
  6556 | D:8      | Reached XP level 10. HP: 50/67 MP: 10/10
  6580 | D:8      | Noticed Gastronok
  6602 | D:8      | Killed Gastronok
  6602 | D:8      | Reached ** piety under Okawaru
  6602 | D:8      | Reached *** piety under Okawaru
  6602 | D:8      | Reached skill level 5 in Fighting
  6602 | D:8      | Reached skill level 5 in Shields
  6618 | D:8      | Found a flagged portal.
  6639 | Bailey   | Entered a bailey
  6654 | Bailey   | Noticed 4thArraOfDagon's ghost (amateur DDGl)
  6669 | Bailey   | Killed 4thArraOfDagon's ghost
  6972 | Bailey   | Reached XP level 11. HP: 55/83 MP: 11/11
  7060 | Bailey   | Noticed an orc warlord
  7270 | Bailey   | Reached **** piety under Okawaru
  7496 | Bailey   | Killed an orc warlord
  7496 | Bailey   | Reached ***** piety under Okawaru
  7865 | D:8      | Received a gift from Okawaru
  7938 | D:8      | Gained mutation: You have large cloven feet. [potion of beneficial mutation]
  8049 | D:8      | Noticed Grum
  8061 | D:8      | Killed Grum
  8120 | D:8      | Noticed Pikel
  8143 | D:8      | Killed Pikel
  8284 | D:8      | Noticed Xoff's ghost (novice MiFi)
  8358 | D:8      | Killed Xoff's ghost
  8779 | D:9      | Reached skill level 10 in Staves
  8794 | D:9      | Found a bloodstained altar of Trog.
  8909 | D:9      | Received a gift from Okawaru
  9020 | D:9      | Found a shadowy altar of Dithmenos.
  9023 | D:9      | Found an ancient bone altar of Kikubaaqudgha.
  9023 | D:9      | Found a blossoming altar of Fedhas.
  9023 | D:9      | Found an oddly glowing altar of Pakellas.
  9113 | D:9      | Reached skill level 10 in Fighting
  9113 | D:9      | Reached XP level 12. HP: 24/97 MP: 12/12
  9546 | D:9      | Found an opulent altar of Gozag.
  9585 | D:9      | Gained mutation: You are frail. (-10% HP) [mutagenic meat]
  9948 | D:9      | Found a shattered altar of Ashenzari.
  9973 | D:9      | Found a staircase to the Lair.
 10157 | D:10     | Entered Level 10 of the Dungeon
 10344 | D:10     | Found a staircase to the Orcish Mines.
 10989 | D:10     | Noticed an unseen horror
 10995 | D:10     | Killed an unseen horror
 11036 | D:10     | Reached ****** piety under Okawaru
 11194 | Lair:1   | Entered Level 1 of the Lair of Beasts
 12570 | Lair:2   | Noticed a four-headed hydra
 12590 | Lair:2   | Killed a four-headed hydra
 13353 | Lair:2   | Reached XP level 13. HP: 64/92 MP: 13/13
 13722 | Lair:2   | Received a gift from Okawaru
 13722 | Lair:2   | Reached skill level 1 in Invocations
 14312 | Lair:3   | Received a gift from Okawaru
 14426 | Lair:3   | Reached skill level 5 in Invocations
 14825 | Lair:3   | Found a staircase to the Snake Pit.
 15172 | Lair:3   | Found a staircase to the Swamp.
 15666 | Lair:3   | Noticed an eight-headed hydra
 15681 | Lair:3   | Killed an eight-headed hydra
 16250 | Lair:3   | Received a gift from Okawaru
 16253 | Lair:3   | Reached skill level 10 in Invocations
 16338 | Lair:4   | Noticed a four-headed hydra
 16352 | Lair:4   | Killed a four-headed hydra
 17316 | Lair:5   | Reached XP level 14. HP: 52/99 MP: 22/22
 17609 | Lair:5   | Received a gift from Okawaru
 18054 | Lair:6   | Entered Level 6 of the Lair of Beasts
 18350 | Lair:6   | Reached skill level 10 in Armour
 18506 | Lair:6   | Found a runed door.
 18506 | Lair:6   | Found a viscous altar of Jiyva.
 18506 | Lair:6   | Found a staircase to the Slime Pits.
 19695 | Lair:6   | Noticed a dire elephant
 19748 | Lair:6   | Killed a dire elephant
 20120 | Lair:6   | Got a warped ring mail
 20131 | Lair:6   | Identified the +2 ring mail "Upsaamik" {Int+2} (You found it on level 6 of the Lair of Beasts)
 20610 | Orc:1    | Entered Level 1 of the Orcish Mines
 20667 | Orc:2    | Entered Level 2 of the Orcish Mines
 20864 | Orc:1    | Reached XP level 15. HP: 39/103 MP: 23/23
 20881 | Orc:1    | Received a gift from Okawaru
 20973 | Orc:1    | Reached skill level 10 in Dodging
 20977 | Orc:1    | Noticed Harold
 20999 | Orc:1    | Killed Harold
 21448 | Orc:1    | Noticed a stone giant
 21456 | Orc:1    | Noticed Josephine
 21484 | Orc:1    | Killed a stone giant
 21492 | Orc:1    | Killed Josephine
 21664 | Orc:1    | Found Aclonog's Gadget Shop.
 21691 | Orc:1    | Bought a -1 rod of shadows (9/9) for 715 gold pieces
 21925 | Orc:2    | Found a staircase to the Elven Halls.
 21926 | Orc:2    | Noticed an orc warlord
 22006 | Orc:2    | Killed an orc warlord
 22219 | Orc:2    | Received a gift from Okawaru
 22536 | Orc:2    | Received a gift from Okawaru
 22640 | Orc:2    | Noticed a stone giant
 22663 | Orc:2    | Killed a stone giant
 22799 | Orc:2    | Reached skill level 1 in Evocations
 23000 | Orc:2    | Found Niyl's Weapon Shop.
 23000 | Orc:2    | Found Kirif's Gadget Shoppe.
 23002 | Orc:2    | Found Acuyr's Armour Shoppe.
 23002 | Orc:2    | Found Qulasch's Armour Shop.
 23011 | Orc:2    | Bought a +0 pair of gloves for 67 gold pieces
 23399 | D:11     | Reached skill level 5 in Evocations
 23937 | D:12     | Found a portal to a secret trove of treasure.
 24818 | D:13     | Found a gate to the Vaults.
 24838 | D:13     | Reached XP level 16. HP: 103/109 MP: 24/24
 24859 | D:13     | Received a gift from Okawaru
 25238 | D:13     | Reached skill level 10 in Evocations
 25416 | D:13     | Found Zavuwet's Armour Shop.
 25492 | D:13     | Bought the +10 plate armour "Vokk" {Str+4} for 1060 gold pieces
 26028 | D:14     | Got a warped chain mail
 26039 | D:14     | Identified the cursed +0 chain mail "Gyatul" {rCorr Int+4} (You found it on level 14 of the Dungeon)
 26366 | D:15     | Entered Level 15 of the Dungeon
 26647 | D:15     | Gained mutation: Scrolls take you a little longer to read. [mutagenic meat]
 26653 | D:15     | Lost mutation: Your flesh is cold resistant. (rC+) [mutagenic meat]
 26665 | D:15     | Lost mutation: Scrolls take you a little longer to read. [mutagenic meat]
 26697 | D:15     | Identified a scroll of acquirement
 26910 | D:15     | Found a staircase to the Depths.
 27024 | D:15     | Received a gift from Okawaru
 27601 | D:13     | Reached XP level 17. HP: 101/115 MP: 27/27
 27838 | Swamp:1  | Entered Level 1 of the Swamp
 28290 | Swamp:1  | Received a gift from Okawaru
 28525 | Swamp:2  | Noticed poirepourri's ghost (journeyman MiFi)
 28541 | Swamp:2  | Killed poirepourri's ghost
 28685 | Swamp:2  | Identified the Grimoire of Mutagenic Cold
 28714 | Swamp:2  | Noticed Louise
 28734 | Swamp:2  | Killed Louise
 28734 | Swamp:2  | Reached skill level 15 in Evocations
 29734 | Swamp:3  | Lost mutation: You have large cloven feet. [potion of cure mutation]
 29734 | Swamp:3  | Lost mutation: You are somewhat resistant to further mutation. [potion of cure mutation]
 29930 | Swamp:4  | Entered Level 4 of the Swamp
 29930 | Swamp:4  | Noticed Donald
 30095 | Swamp:4  | Received a gift from Okawaru
 30098 | Swamp:4  | Upgraded the game from 0.19-a0-1097-g38e3b35 to 0.19-a0-1107-gc676ff4
 30118 | Swamp:4  | Noticed Bai Suzhen
 30222 | Swamp:4  | Noticed a thorn hunter
 30247 | Swamp:4  | Killed a thorn hunter
 30755 | Swamp:4  | Killed Bai Suzhen
 30781 | Swamp:4  | Reached XP level 18. HP: 87/126 MP: 30/30
 31091 | Swamp:4  | Noticed Kirke
 31112 | Swamp:4  | Killed Kirke
 31274 | Swamp:4  | Got a decaying rune of Zot
 31360 | Swamp:4  | Received a gift from Okawaru
 31432 | Swamp:4  | Killed Donald
 32159 | Snake:1  | Entered Level 1 of the Snake Pit
 32175 | Snake:1  | Noticed Aizul
 32189 | Snake:1  | Killed Aizul
 33093 | Snake:2  | Reached skill level 15 in Fighting
 33351 | Snake:2  | Found Voxoq's Jewellery Shoppe.
 33745 | Snake:2  | Noticed Frances
 33782 | Snake:2  | Killed Frances
 34252 | Snake:3  | Reached XP level 19. HP: 138/141 MP: 31/31
 34276 | Snake:3  | Received a gift from Okawaru
 34774 | Snake:3  | Found Lenebue's Food Emporium.
 35252 | Snake:4  | Entered Level 4 of the Snake Pit
 35259 | Snake:4  | Noticed Roxanne
 35370 | Snake:4  | Reached skill level 15 in Staves
 35411 | Snake:4  | Found a frozen archway.
 35422 | IceCv    | Entered an ice cave
 36110 | IceCv    | Noticed an Ice Fiend
 36111 | IceCv    | Noticed an Ice Fiend
 36130 | IceCv    | Killed an Ice Fiend
 36136 | IceCv    | Killed an Ice Fiend
 36901 | Snake:4  | Slain by a shock serpent

Vault maps used:
D:1:      nagdon_arrival_zigzag_paths
D:3:      uniq_grinder, uniq_terence
D:4:      serial_shops, shop, uniq_duvessa
D:5:      old_standard_altar, first_bread, serial_shops, shop
D:7:      black_bear_nest_1, yredelemnul_forgotten_temple_becter,
          lemuel_flamethrower_1, uniq_crazy_yiuf_cottage
D:8:      enter_bailey_2, uniq_pikel, uniq_gastronok, uniq_grum, uniq_erica
D:9:      grunt_temple_overflow_open, lemuel_coloured_pillars_altar,
          overflow_temple_1_default, trog_eyes_of_draining,
          erik_lair_orcish_takeover
D:10:     zombieorc2_lemuel
D:12:     enter_trove_2
D:13:     erik_vaults_2, serial_shops, shop
D:14:     amethyst_killhole, grunt_ogre_cave
D:15:     grunt_enter_depths_magical_seal, glass_columns_b,
          minmay_misc_feat_square
Temple:   cyrus_circular_temple
Lair:1:   grunt_megastairs_1
Lair:2:   lemuel_ratsnest, beast_lair_carwin_3, infiniplex_staircase_pool
Lair:3:   nicolae_swamp_entry_splash_gauntlet,
          minmay_snake_entry_guardpost_small, grunt_megastairs_4
Lair:5:   grunt_megastairs_2
Lair:6:   grunt_lair_end_beastmaster, slime_altar_2, infiniplex_staircase_pool_2
Swamp:1:  hangedman_swamp_pad
Swamp:2:  evilmike_swamp_ruin_house_1, uniq_louise
Swamp:3:  nicolae_swamp_trees_clearing
Swamp:4:  swamp_alternative, swamp_pool5, uniq_bai_suzhen, uniq_donald,
          uniq_kirke
Snake:1:  grunt_ministairs_1, nicolae_snake_salamander_stairs, uniq_aizul
Snake:2:  serial_shops, shop, hangedman_snake_pattern,
          nicolae_coiled_stairwell_up, uniq_frances
Snake:3:  serial_shops, shop
Snake:4:  grunt_snake_rune_pools, portal_ice_cave_entry_ice_statue_one,
          grunt_megastairs_3, uniq_roxanne
Orc:1:    nicolae_orc_accident_1, serial_shops, shop, uniq_josephine,
          uniq_harold
Orc:2:    grunt_orc_tribal_feast
Bailey:   bailey_axe_minmay_hex_keep, bailey
IceCv:    ice_cave_small_demon

Skill      XL: |  1  2  3  4  5  6  7  8  9 10 11 12 13 14 15 16 17 18 19 |
---------------+----------------------------------------------------------+-----
Staves         | 4 5 6 7 8 10 13 14 15 | 15.7
Armour         | 3 8 9 12 | 12.0
Dodging        | 8 9 12 | 12.0
Fighting       | 6 10 12 16 | 16.2
Shields        | 5 9 |  9.0
Invocations    | 11 | 11.0
Evocations     | 8 13 16 | 16.0
Throwing       | |  2.0

Action                   |  1- 3 |  4- 6 |  7- 9 | 10-12 | 13-15 | 16-18 | 19-21 || total
-------------------------+-------+-------+-------+-------+-------+-------+-------++-------
Melee: Quarterstaff      |    79 |    78 |   486 |   422 |  1580 |   521 |       ||  3166
       Lajatang          |       |       |       |   566 |   449 |   998 |   262 ||  2275
Throw: Throwing net      |       |     3 |       |     2 |       |       |       ||     5
Invok: Finesse           |       |       |       |       |     6 |     4 |       ||    10
       Heroism           |       |       |       |       |     2 |     1 |       ||     3
 Abil: Dig               |     2 |     2 |     3 |     5 |    29 |    15 |     5 ||    61
Evoke: Rod               |       |       |       |       |     1 |       |       ||     1
       Wand              |       |       |       |       |       |     4 |       ||     4
       Lamp of fire      |       |       |       |       |       |     2 |       ||     2
  Use: Scroll            |     6 |     5 |     9 |    10 |     7 |    23 |     1 ||    61
       Potion            |       |       |     1 |     6 |     5 |     4 |     3 ||    19
 Stab: Paralysed         |       |       |       |     4 |       |     4 |       ||     8
       Petrified         |       |       |       |     2 |    10 |       |       ||    12
       Petrifying        |       |       |       |     2 |       |       |       ||     2
       Confused          |       |       |       |       |       |     3 |       ||     3
  Eat: Chunk             |     1 |     3 |    17 |    26 |    35 |    29 |     2 ||   113
       Fruit             |       |       |     3 |       |     8 |     3 |       ||    14
       Beef jerky        |       |       |     1 |       |       |     6 |     6 ||    13
       Pizza             |       |       |     1 |     1 |       |     4 |       ||     6
Armor: Leather armour    |     3 |       |       |       |       |       |       ||     3
       Chain mail        |    45 |    32 |   260 |    42 |       |       |       ||   379
       Plate armour      |       |       |       |   341 |   509 |   547 |    87 ||  1484
       Skin              |       |       |       |       |     3 |       |       ||     3
Dodge: Dodged            |    43 |    27 |   220 |   351 |   399 |   422 |   106 ||  1568
Block: Buckler           |       |       |       |   171 |    98 |       |       ||   269
       Shield            |       |       |       |       |   483 |   743 |   139 ||  1365
